 Dungeon Crawl Stone Soup version 0.20-a0-1086-g4bd2f5b (webtiles) character file.

3782 Jarlath the Thaumaturge (level 9, 0/45 HPs)
             Began as a Deep Elf Ice Elementalist on May 1, 2017.
             Was a Believer of Vehumet.
             Killed by vampiric draining
             ... invoked by a vampire
              (13 damage)
             ... on level 8 of the Dungeon.
             The game lasted 00:09:53 (9286 turns).

Jarlath the Thaumaturge (Deep Elf Ice Elementalist) Turns: 9286, Time: 00:09:53

Health: 0/45       AC:  9    Str:  5    XL:     9   Next: 95%
Magic:  12/23      EV: 13    Int: 24    God:    Vehumet [**....]
Gold:   345        SH:  0    Dex: 15    Spells: 13/25 levels left

rFire    . . .     SeeInvis .   a - +4 great sword (freeze)
rCold    . . .     Gourm    .   (shield currently unavailable)
rNeg     . . .     Faith    .   e - +1 robe
rPois    .         Spirit   .   k - +2 helmet
rElec    .         Reflect  .   (no cloak)
rCorr    .         Harm     .   w - +2 pair of gloves
MR       .....                  (no boots)
Stlth    +++.......             (no amulet)
Regen    0.2/turn               F - ring of stealth
MPRegen  0.2/turn               r - +6 ring of slaying

@: no status effects
A: no striking features
a: Renounce Religion


You were on level 8 of the Dungeon.
You worshipped Vehumet.
Vehumet was pleased with you.
You were hungry.

You visited 2 branches of the dungeon, and saw 10 of its levels.

You collected 345 gold pieces.

Inventory:

Hand Weapons
 a - a +4 great sword of freezing (weapon)
Armour
 e - a +1 robe (worn)
 k - a +2 helmet (worn)
 w - a +2 pair of gloves (worn)
Magical Staves
 b - an uncursed staff of conjuration
Jewellery
 r - a +6 ring of slaying (right hand)
 z - a +4 ring of intelligence
 F - a ring of stealth (left hand)
 H - a +1 ring of protection
Wands
 l - a wand of flame (18/48)
 v - a wand of disintegration (3/24)
 y - a wand of digging (8/24)
 A - a wand of confusion (21/48)
Scrolls
 j - a scroll of random uselessness
 o - 6 scrolls of remove curse
 q - a scroll of magic mapping
 s - a scroll of fear
 C - a scroll of blinking
 E - a scroll of recharging {unknown}
 G - a scroll of teleportation
 I - a scroll of identify
Potions
 d - a potion of flight
 f - 2 potions of might
 g - 5 potions of curing
 i - 2 potions of lignification {unknown}
 m - a potion of degeneration {unknown}
 n - 4 potions of invisibility
 p - 4 potions of brilliance
 u - a potion of resistance {unknown}
Books
 t - a book of Frost

   Spells                             Type                      Level
   a - Freeze                         Ice                          1
   b - Throw Frost                    Conjuration/Ice              2
   c - Ozocubu's Armour               Charms/Ice                   3
   d - Throw Icicle                   Conjuration/Ice              4
   e - Summon Ice Beast               Ice/Summoning                4
 B - a Young Poisoner's Handbook

   Spells                             Type                      Level
   a - Sting                          Conjuration/Poison           1
   b - Poisonous Vapours              Poison/Air                   2
   c - Mephitic Cloud                 Conjuration/Poison/Air       3
   d - Olgreb's Toxic Radiance        Poison                       4
   e - Venom Bolt                     Conjuration/Poison           5
Comestibles
 c - 4 bread rations
 h - 3 royal jellies
 x - 10 fruits
 D - 4 meat rations
 J - 3 chunks of flesh


   Skills:
 + Level 7.0 Long Blades
 - Level 2.4 Dodging
 - Level 2.4 Stealth
 - Level 8.6 Spellcasting
 - Level 8.6 Conjurations
 - Level 8.1 Ice Magic


You had 13 spell levels left.
You knew the following spells:

 Your Spells              Type           Power        Failure   Level  Hunger
a - Freeze                Ice            ####         1%          1    None
b - Ozocubu's Armour      Chrm/Ice       ####....     3%          3    None
c - Throw Icicle          Conj/Ice       ######..     1%          4    ##.....
d - Summon Ice Beast      Ice/Summ       ####....     11%         4    ##.....


Dungeon Overview and Level Annotations

Branches:
Dungeon (9/15)             Temple (1/1) D:4
   Lair: D:8-11         Orc: D:9-12

Altars:
Ashenzari
Elyvilon
Fedhas
Gozag
Hepliaklqana
Kikubaaqudgha
Okawaru
Qazlal
Sif Muna
Vehumet
Yredelemnul
Zin
The Shining One


Message History

The vampire hits you but does no damage.
The vampire bites you.
The vampire draws strength from your injuries!
You climb upwards.
There is a stone staircase leading down here.
Unknown command.
You slash the vampire! You freeze the vampire.
The vampire is moderately damaged.
The vampire misses you. The vampire bites you!
The vampire draws strength from your injuries!
Unknown command.
You slash the vampire! You freeze the vampire.
The vampire is heavily damaged.
The vampire closely misses you. The vampire bites you!
* * * LOW HITPOINT WARNING * * *
The vampire draws strength from your injuries!
You slash the vampire! You freeze the vampire.
The vampire is almost destroyed.
The vampire is infused with unholy energy.
You die...

#..#.# #.# #.#
#.........# #(.#.# #.#
#.# ########..# #..#.#
#.# #.# #..# ###..#.##
#.# #.# #..# .....#..#
#.####.# #...
####.##.# #......#
##.# # #.##.#
########### #..
####.##.# #########.##
### ..##.##.#
#....@V....# ####
#.##....#
#.#######.#########...
#.####.)# #.#
#...........## #.#
#..# #.# ##########..#
#.# #.)# #.# #..# #.#
#..####.#### #..#
#.####..#.......#
#..##
.....#..#.#####.#
#.... #.......#.#
#.### #..##


You could see a vampire.

Vanquished Creatures
  A two-headed ogre (D:8)
  Grum (D:8)
  A water moccasin (D:7)
  An orc warrior (D:9)
  2 phantoms
  2 ice beasts
  3 ogres
  3 wolves (D:8)
  2 centaurs
  Blork the orc (D:5)
  4 bullfrogs
  2 scorpions
  4 wights (D:7)
  5 howler monkeys
  4 crimson imps
  4 orc priests
  2 jellies
  2 hounds
  Jessica (D:2)
  A bullfrog skeleton (D:4)
  Ijyb (D:3)
  An iguana (D:5)
  6 orc wizards
  5 worker ants
  A hound skeleton (D:6)
  A worker ant zombie (D:5)
  4 gnolls (D:7)
  10 adders
  A shadow imp (D:8)
  2 oozes (D:1)
  2 adder zombies (D:8)
  2 worms
  3 dart slugs
  4 leopard geckos
  23 orcs
  A ball python (D:5)
  2 giant cockroaches
  5 goblins
  3 hobgoblins
  3 quokkas
  5 bats
  2 frilled lizards
  14 kobolds
  A quokka skeleton (D:7)
  6 rats
  A spectral orc (D:4)
155 creatures vanquished.

Notes
Turn   | Place    | Note
-------+----------+-------------------------------------------
     0 | D:1      | Jarlath the Deep Elf Ice Elementalist began the quest for the Orb.
     0 | D:1      | Reached XP level 1. HP: 10/10 MP: 6/6
   310 | D:1      | Reached XP level 2. HP: 12/15 MP: 5/8
   641 | D:1      | Reached XP level 3. HP: 17/19 MP: 7/10
  1081 | D:2      | Noticed Jessica
  1093 | D:2      | Killed Jessica
  1093 | D:2      | Reached XP level 4. HP: 16/24 MP: 2/12
  1353 | D:2      | Found a stormy altar of Qazlal.
  1670 | D:2      | Learned a level 3 spell: Ozocubu's Armour
  1675 | D:2      | Learned a level 4 spell: Throw Icicle
  1762 | D:2      | Reached skill level 5 in Ice Magic
  2553 | D:3      | Reached XP level 5. HP: 28/28 MP: 11/13
  2559 | D:3      | Learned a level 4 spell: Summon Ice Beast
  2646 | D:3      | Noticed Ijyb
  2660 | D:3      | Killed Ijyb
  3013 | D:3      | Found an iron altar of Okawaru.
  3268 | D:4      | Found an ancient bone altar of Kikubaaqudgha.
  3352 | D:4      | Reached skill level 5 in Spellcasting
  3652 | D:4      | Noticed an ogre
  3660 | D:4      | Killed an ogre
  3660 | D:4      | Reached XP level 6. HP: 20/32 MP: 2/16
  4025 | D:4      | Found a staircase to the Ecumenical Temple.
  4190 | Temple   | Entered the Ecumenical Temple
  4203 | Temple   | Became a worshipper of Vehumet
  4298 | D:4      | Found a basalt altar of Yredelemnul.
  4357 | D:5      | Entered Level 5 of the Dungeon
  4400 | D:5      | Reached skill level 5 in Conjurations
  4400 | D:5      | Reached XP level 7. HP: 35/36 MP: 1/17
  4619 | D:5      | Noticed Blork the orc
  4623 | D:5      | Killed Blork the orc
  5802 | D:5      | Reached XP level 8. HP: 41/41 MP: 15/20
  6225 | D:6      | Reached * piety under Vehumet
  6225 | D:6      | Offered knowledge of Sting by Vehumet.
  7791 | D:7      | Reached XP level 9. HP: 45/45 MP: 18/23
  7797 | D:7      | Found a white marble altar of Elyvilon.
  8309 | D:7      | Found a blossoming altar of Fedhas.
  8478 | D:7      | Reached skill level 1 in Long Blades
  8498 | D:8      | Noticed Grum
  8506 | D:8      | Reached ** piety under Vehumet
  8506 | D:8      | Offered knowledge of Throw Flame by Vehumet.
  8604 | D:8      | Killed Grum
  8898 | D:8      | Reached skill level 5 in Long Blades
  9066 | D:8      | Noticed a two-headed ogre
  9077 | D:8      | Killed a two-headed ogre
  9286 | D:8      | Killed from afar by a vampire

Vault maps used:
D:1:      scummos_arrival_simple_fountains, minmay_split_cup_small
D:2:      old_standard_altar, roderic_serpentine_path, minmay_misc_feat_pillars,
          uniq_jessica
D:3:      okawaru_ov_weapons_minmay, first_bread, uniq_ijyb
D:4:      kiku_gazebo_pond_becter, yredelemnul_forgotten_temple_becter,
          temple_hall
D:5:      uniq_blork_the_orc
D:6:      serial_bayou_crossing
D:7:      kennysheep_mini, nicolae_overflow_crystal_walls, grunt_ogre_cave
D:8:      uniq_grum
D:9:      minmay_misc_feat_roman, minmay_parallelograms, minmay_orc_keep,
          uniq_pikel
Temple:   eino_temple_rhombus

Skill      XL: |  1  2  3  4  5  6  7  8  9 |
---------------+----------------------------+-----
Ice Magic      | 4 5 6 7 8 |  8.1
Spellcasting   | 4 5 6 8 |  8.6
Conjurations   | 2 4 5 6 8 |  8.6
Long Blades    | 7 |  7.0
Dodging        | |  2.4
Stealth        | |  2.4

Action                   |  1- 3 |  4- 6 |  7- 9 || total
-------------------------+-------+-------+-------++-------
Melee: Unarmed           |     4 |     8 |       ||    12
       Staff             |       |    21 |    21 ||    42
       Spear             |       |     7 |       ||     7
       Dagger            |       |       |    23 ||    23
       Mace              |       |       |    13 ||    13
       Great sword       |       |       |    57 ||    57
 Cast: Freeze            |    40 |    64 |    27 ||   131
       Throw Icicle      |       |    15 |    61 ||    76
       Ozocubu's Armour  |       |     2 |     6 ||     8
  Use: Scroll            |       |     9 |     8 ||    17
       Potion            |       |     3 |       ||     3
 Stab: Sleeping          |     2 |     1 |     2 ||     5
  Eat: Chunk             |       |    12 |    15 ||    27
       Bread ration      |       |       |     1 ||     1
Armor: Robe              |    12 |    11 |    46 ||    69
Dodge: Dodged            |    21 |    57 |   112 ||   190
       Rpst.: Great sword |       |       |    21 ||    21
